 Dungeon Crawl Stone Soup version 0.31.0-4-g52a2dc7128 (webtiles) character file.

Game seed: 4015589858897019076

1080 Eitelfritz the Ruffian (level 8, 0/71 (74) HPs)
             Began as a Troll Gladiator on Jan 21, 2024.
             Was an Initiate of Wu Jian.
             Slain by a wight
             ... wielding a +4 battleaxe of freezing
              (2 damage)
             ... on level 6 of the Dungeon.
             The game lasted 00:07:33 (3575 turns).

Eitelfritz the Ruffian (Troll Gladiator)            Turns: 3575, Time: 00:07:34

HP:   0/71 (74)     AC:  6    Str: 23    XL:     8   Next: 8%
MP:   7/7           EV: 11    Int:  6    God:    Wu Jian [......]
Gold: 125           SH:  0    Dex: 11    Spells: 7/7 levels left

rFire   . .          .
                       - Unarmed
rCold   . . .        (no shield)
rNeg    + . .        r - +1 robe {rN+}
rPois   .            b - +1 hat
rElec   .            (no cloak)
rCorr   .            (gloves unavailable)
SInv    .            (boots unavailable)
Will    .....        (no amulet)
Stlth   ++           (no ring)
HPRegen 1.11/turn    (no ring)
MPRegen 0.10/turn

%: no passive effects
@: studying Fighting, lightly drained
A: large, unfitting armour, claws 3, regeneration 1, shaggy fur 1, tough skin 1
a: Renounce Religion


You were on level 6 of the Dungeon.
You worshipped Wu Jian.
Wu Jian was noncommittal.
You visited 2 branches of the dungeon, and saw 7 of its levels.

You collected 241 gold pieces.
You spent 116 gold pieces at shops.

Inventory:

Missiles
 c - 4 throwing nets (quivered)
 d - a large rock
Armour
 b - a +1 hat (worn)
 i - a scarf of shadows
 r - a +1 robe of positive energy (worn)
Talismans
 n - a blade talisman
Wands
 t - a wand of flame (38)
Scrolls
 h - a scroll of blinking
 u - a scroll of teleportation
Potions
 a - a potion of curing {unknown}
 e - a potion of ambrosia {unknown}
 f - 2 potions of attraction
 g - a potion of magic {unknown}
 k - 3 potions of heal wounds
 l - 2 potions of mutation {unknown}
 m - a potion of resistance {unknown}
 o - 2 potions of cancellation {unknown}
 p - 2 potions of lignification
 q - 2 potions of might {unknown}


   Skills:
 + Level 2.8 Fighting
 + Level 1.8 Throwing
 + Level 4.4 Dodging
 + Level 1.6 Stealth
 + Level 7.9 Unarmed Combat


You had 7 spell levels left.
You didn't know any spells.
Your spell library contained the following spells:

 Spells                   Type           Power      Damage    Failure   Level
 Magic Dart               Conj           0%         1d3       45%         1
 Blink                    Tloc           0%         N/A       58%         2
 Call Imp                 Summ           0%         N/A       58%         2
 Lesser Beckoning         Tloc           0%         N/A       58%         2
 Fugue of the Fallen      Necr           0%         N/A       83%         3
 Gell's Gravitas          Tloc           0%         N/A       83%         3
 Ozocubu's Armour         Ice            0%         N/A       83%         3
 Teleport Other           Tloc           0%         N/A       83%         3
 Manifold Assault         Tloc           0%         N/A       99%         4


Dungeon Overview and Level Annotations

Branches:
Dungeon (6/15)             Temple (1/1) D:5

Altars:
Ashenzari
Cheibriados
Dithmenos
Fedhas
Hepliaklqana
Nemelex Xobeh
Okawaru
Qazlal
Ru
Trog
Uskayaw
Vehumet
Wu Jian
Xom
Yredelemnul
Zin
The Shining One

Shops:
D:4 =[=(


Innate Abilities, Weirdness & Mutations

You are too large for most types of armour.
You have claws for hands.
Your natural rate of healing is unusually fast.
You are covered in fur. (AC +1)
You have tough skin. (AC +1)


Message History

You destroy the wight!
The Council accepts your kill.
You hear an angry hiss.
A wight and an iguana come into view.
Found a scroll labelled BID IHOCW.
The iguana hisses angrily.
There is an open door here.
Things that are here:
a +0 battleaxe; a +0 robe You lunge at the wight.
You barely miss the wight.
The wight hits you with a +4 battleaxe of freezing!
The wight freezes you. The wight hits you with a +0 scimitar!
You scratch the wight.
The wight is lightly damaged.
The wight hits you with a +4 battleaxe of freezing!
You partially resist.
You feel drained. The wight freezes you. The wight misses you.
The iguana barely misses you. The wight barely misses you.
There is an open door here.
Things that are here:
a +0 battleaxe; a +0 robe
Things that are here:
17 gold pieces; a +0 short sword You closely miss the wight.
The wight hits you with a +4 battleaxe of freezing!
The wight freezes you.
You claw the wight! Your claw misses the wight.
The wight is almost destroyed.
The wight hits you with a +4 battleaxe of freezing!
* * * LOW HITPOINT WARNING * * *
The wight freezes you.
* * * LOW HITPOINT WARNING * * *
You barely miss the wight.
The wight is almost destroyed.
The wight hits you with a +4 battleaxe of freezing!
* * * LOW HITPOINT WARNING * * *
You partially resist.
You feel drained.
* * * LOW HITPOINT WARNING * * *
The wight freezes you.
You die...

..........## ###
............ ..#
...........# #.#
#.......##.# #.#
#.......##.# #.#
#.....z.##.# #.#
#......z##.#####.###
+......zlz@.....>..#
#.......######.#.###
#..............#.#
#........#######.#
###......# #.#
#...?... #.#
#....... #.#
#.......# #.# #.#


You could see an iguana and 3 wights.

Vanquished Creatures
  Sigmund (D:4)
  2 ogres (D:5)
  3 scorpions
  A wight (D:6)
  A howler monkey (D:5)
  3 hounds
  A jelly (D:5)
  An orc priest (D:5)
  An orc wizard (D:5)
  A sleepcap (D:4)
  Natasha (thrice) (D:4)
  An iguana (D:5)
  8 gnolls (D:5)
  3 adders
  2 ufetubi (D:5)
  A dart slug (D:3)
  A ribbon worm (D:3)
  6 orcs
  2 endoplasms
  2 giant cockroaches
  9 goblins
  8 jackals
  3 kobolds
  3 quokkas
  7 ball pythons
  5 frilled lizards
  6 rats
85 creatures vanquished.

Notes
Turn   | Place    | Note
-------+----------+-------------------------------------------
     0 | D:1      | Eitelfritz the Troll Gladiator began the quest for the Orb.
     0 | D:1      | Reached XP level 1. HP: 19/19 MP: 0/0
    68 | D:1      | Found a faded altar of an unknown god.
   151 | D:1      | You fall into a shaft and drop 1 floor!
   272 | D:2      | Reached XP level 2. HP: 27/27 MP: 1/1
  1179 | D:3      | Reached XP level 3. HP: 35/35 MP: 2/2
  1600 | D:3      | Found a shimmering altar of Xom.
  1751 | D:4      | Noticed Natasha
  1758 | D:4      | Killed Natasha
  1759 | D:4      | Reached XP level 4. HP: 11/42 MP: 3/3
  1818 | D:4      | Reached skill level 4 in Unarmed Combat
  1899 | D:4      | Found Lemyadell's Jewellery Boutique.
  1904 | D:4      | Found Masesoclupucw's Jewellery Shoppe.
  1905 | D:4      | Found Saosodd's Armour Shop.
  1906 | D:4      | Found Muosch's Weapon Boutique.
  1930 | D:4      | Bought a +1 robe of positive energy for 116 gold pieces
  1949 | D:4      | Noticed Natasha
  1954 | D:4      | Killed Natasha
  1955 | D:4      | Reached XP level 5. HP: 49/49 MP: 4/4
  2149 | D:4      | Noticed Natasha
  2154 | D:4      | Killed Natasha
  2187 | D:4      | Noticed Sigmund
  2201 | D:4      | Killed Sigmund
  2202 | D:4      | Reached skill level 5 in Unarmed Combat
  2202 | D:4      | Reached XP level 6. HP: 44/57 MP: 5/5
  2330 | D:4      | Reached skill level 1 in Stealth
  2391 | D:4      | Identified a scroll of acquirement
  2391 | D:4      | Acquired a manual of Fighting
  2427 | D:5      | Entered Level 5 of the Dungeon
  2431 | D:5      | Found a staircase to the Ecumenical Temple.
  2440 | D:5      | Reached skill level 6 in Unarmed Combat
  2489 | D:5      | Reached XP level 7. HP: 65/66 MP: 6/6
  2613 | Temple   | Entered the Ecumenical Temple
  2645 | Temple   | Became a worshipper of the Wu Jian Council
  2692 | D:5      | Found a bloodstained altar of Trog.
  2718 | D:5      | Reached skill level 7 in Unarmed Combat
  3556 | D:6      | Reached XP level 8. HP: 74/74 MP: 7/7
  3575 | D:6      | HP: 3/72 [wight/+4 battleaxe of freezing (8)]
  3575 | D:6      | Slain by a wight

Illustrated notes

Levels and vault maps discovered:
D:1:      evilmike_arrival_fibonacci_small, layout_rooms,
          hellmonk_ecumenical_altar_zigzags, hangedman_decor_points,
          st_stairs_4, nicolae_kite_square_tiling_tiny
D:2:      layout_loops_corners, serial_forest, infiniplex_forest_lined_ring,
          infiniplex_forest_corner_2, infiniplex_forest_side_room,
          infiniplex_forest_clump_double, infiniplex_forest_lined_2,
          infiniplex_forest_straight_2, infiniplex_forest_lined_2,
          infiniplex_forest_lined_2, infiniplex_forest_end_2
D:3:      layout_loops_ring, brannock_xom_greatest_gift
D:4:      layout_gridville, hangedman_abyss_or_decor_passed, minmay_door_square,
          nicolae_wooded_promenade, uniq_natasha, uniq_sigmund
D:5:      cheibrodos_quashed, layout_basic, trog_antimagical,
          minmay_temple_entry_grid, minmay_holes, saegor_snake_ambush
D:6:      layout_basic, gammafunk_ghost_smash
Temple:   bh_familiar_temple

Skill      XL: |  1  2  3  4  5  6  7 |
---------------+----------------------+-----
Dodging        | 3 4 |  4.4
Fighting       | 2 |  2.8
Unarmed Combat | 4 5 6 7 |  7.9
Stealth        | 1 |  1.6
Throwing       | |  1.8

Action                     |  1- 3 |  4- 6 |  7- 9 || total
---------------------------+-------+-------+-------++-------
  Melee: Unarmed           |    80 |    61 |    84 ||   225
         Punch             |       |     1 |     1 ||     2
Ability: Lunge             |       |       |     5 ||     5
    Use: Scroll            |       |     9 |     2 ||    11
   Stab: Sleeping          |     1 |     1 |     2 ||     4
 Armour: Robe              |    44 |    54 |    51 ||   149
  Dodge: Dodged            |    25 |    34 |    31 ||    90
